Map: 2000 Atmospheres LE

Players

llllllllllll - Winner!

  • Race: Terran Terran
  • League: Master
  • Spawn Location: 7:00

Pumba

  • Race: Protoss Protoss
  • League: Diamond
  • Spawn Location: 3:00

VOD

Have the link to the VOD?

Description

Time

  • Played on: March 22, 2022, 6:11 p.m.
  • Length: 7:50
Show
View Real Time Build Order
Export as new Build Order

llllllllllll Terran - Winner!

Build Orders: 1/1/1 

Get SALT Encoding   

  12  0:00  SCV  
  13  0:12  SCV  
  14  0:16  Supply Depot  
  14  0:24  SCV  
  14  0:27  Refinery  
  15  0:38  SCV  
  16  0:44  Barracks  
  16  0:50  SCV  
  16  0:53  Refinery  
  17  1:02  SCV  
  18  1:08  Supply Depot  
  18  1:14  SCV  
  19  1:31  Orbital Command  
  19  1:32  Marine  
  20  1:44  Factory  
  19  1:58  Barracks Reactor  
  19  2:05  SCV  
  20  2:17  SCV  
  21  2:29  SCV, Starport  
  22  2:38  Hellion x2  
  26  2:44  Barracks Tech Lab  
  26  2:45  Supply Depot  
  26  2:46  SCV  
  27  3:00  Hellion x2  
  31  3:07  Medivac  
  31  3:12  Armory  
  33  3:16  SCV  
  34  3:26  Widow Mine  
  36  3:27  Supply Depot  
  36  3:31  Widow Mine  
  36  3:33  SCV  
  33  3:48  Medivac  
  39  3:50  Supply Depot  
  41  3:57  Marine x2  
  43  4:05  SCV  
  44  4:21  Marine x2  
  44  4:23  Siege Tank  
  41  4:35  Viking  
  41  4:39  Marine x2  
  43  4:49  Supply Depot  
  43  4:55  Siege Tank  
  43  4:56  Marine  
  43  4:57  Marine  
  48  5:05  Supply Depot  
  48  5:06  Viking  
  50  5:11  SCV  
  51  5:14  Marine x2  
  53  5:28  Siege Tank  
  53  5:32  Marine x2  
  58  5:38  Viking  
  60  5:50  Marine x2  
  60  6:08  Marine x2  
  60  6:14  Siege Tank  
  63  6:25  Liberator  
  66  6:26  Marine x2  
  67  6:41  Bunker  
  67  6:43  Marine x2  
  69  6:53  Bunker  
  69  7:01  Marine x2  
Show
View Real Time Build Order
Export as new Build Order

Pumba Protoss 

Build Orders: 1 Gate Expand 

Get SALT Encoding   

  12  0:00  Probe  
  13  0:12  Probe  
  14  0:17  Pylon  
  14  0:24  Probe  
  15  0:37  Probe (Chrono Boost)  
  15  0:38  Gateway  
  16  0:46  Probe (Chrono Boost), Assimilator  
  17  0:51  Probe (Chrono Boost)  
  18  1:03  Probe  
  19  1:15  Probe  
  20  1:22  Nexus  
  20  1:34  Cybernetics Core  
  20  1:36  Probe  
  21  1:41  Assimilator  
  21  1:48  Probe  
  21  1:51  Pylon  
  21  2:00  Probe  
  22  2:08  Adept (Chrono Boost)  
  22  2:12  Warp Gate  
  22  2:13  Probe  
  25  2:19  Robotics Facility  
  25  2:26  Probe (Chrono Boost)  
  25  2:28  Gateway  
  26  2:34  Probe (Chrono Boost)  
  27  2:41  Stalker  
  27  2:43  Probe (Chrono Boost)  
  31  2:45  Probe (Chrono Boost)  
  31  2:49  Probe (Chrono Boost)  
  31  2:50  Probe  
  32  2:55  Pylon  
  33  3:02  Probe x2  
  35  3:14  Probe, Stalker  
  35  3:16  Observer (Chrono Boost)  
  35  3:17  Stalker  
  35  3:19  Probe  
  42  3:28  Probe  
  43  3:35  Probe  
  43  3:36  Pylon  
  43  3:40  Probe  
  45  3:44  Immortal (Chrono Boost), Stalker  
  51  3:52  Probe  
  52  3:57  Probe  
  53  4:07  Gateway x2  
  53  4:10  Pylon  
  47  4:18  Probe  
  47  4:21  Stalker  
  47  4:23  Probe (Chrono Boost)  
  46  4:27  Stalker  
  46  4:33  Probe (Chrono Boost)  
  47  4:44  Probe (Chrono Boost)  
  48  4:47  Probe (Chrono Boost)  
  50  4:52  Probe  
  50  4:55  Observer (Chrono Boost)  
  50  4:59  Probe  
  52  5:00  Twilight Council  
  52  5:04  Probe  
  53  5:11  Probe  
  53  5:21  Observer (Chrono Boost)  
  53  5:23  Stalker  
  53  5:24  Stalker  
  57  5:33  Probe  
  58  5:42  Charge (Chrono Boost)  
  58  5:43  Observer  
  58  5:49  Gateway  
  58  5:52  Gateway  
  58  6:01  Stalker  
  57  6:15  Zealot x3  
  63  6:19  Gateway  
  63  6:21  Pylon  
  63  6:24  Shield Battery, Pylon  
  63  6:27  Pylon  
  63  6:32  Zealot  
  61  6:37  Shield Battery  
  61  6:38  Pylon  
  61  6:41  Shield Battery  
  61  6:48  Zealot x3  
  61  6:53  Pylon  
  64  7:14  Shield Battery  
  64  7:15  Zealot x4  
  72  7:21  Zealot x2  
  36  7:37  Zealot x4  
  36  7:44  Zealot  
Tags
 
Add a new tag
Caveats
  • Supply blocks, unpowered buildings, or Contaminate may cause inaccurate times.
  • Supply counts are checked every 10 seconds.